 Dungeon Crawl Stone Soup version 0.14.2 (webtiles) character file.

387 Theye the Slasher (level 6, 0/56 HPs)
             Began as a Naga Fighter on Oct 7, 2016.
             Slain by a scorpion (2 damage)
             ... on Level 3 of the Dungeon.
             The game lasted 00:05:27 (3939 turns).

Theye the Slasher (Naga Fighter)                    Turns: 3939, Time: 00:05:27

HP   0/56        AC  7     Str 20      XL: 6   Next: 20%
MP   7/7         EV  5     Int 13      God:
Gold 121         SH 19     Dex 13      Spells:  0 memorised,  5 levels left

rFire  . . .     SeeInvis +     a - +1 long sword
rCold  . . .     Clarity  .     b - +0 scale mail
rNeg   . . .     Conserve .     c - +0 shield
rPois  +         rCorr    .     (no helmet)
rElec  .         rRot     .     e - +0 cloak
SustAb . .       Spirit   .     (no gloves)
rMut   .         Warding  .     (no barding)
Saprov . . .     Stasis   .     (no amulet)
MR     .....                    s - ring of poison resistance
                                o - ring of invisibility

@: about to teleport, brilliant, flying, very slow, not resistant to hostile
enchantments, extremely unstealthy
A: spit poison, see invisible, deformed body, poison resistance, slowness 2,
strong 1, AC +2
a: Spit Poison, Evoke Invisibility


You were on level 3 of the Dungeon.
You were not hungry.

You visited 1 branch of the dungeon, and saw 4 of its levels.

You collected 121 gold pieces.

Inventory:

Hand weapons
 a - a +1,+1 long sword (weapon)
Armour
 b - a +0 scale mail (worn)
 c - a +0 shield (worn)
 e - a +0 cloak (worn)
Magical devices
 x - a wand of enslavement (12) {unknown}
Comestibles
 d - 2 bread rations
 m - a pear
 t - 9 sultanas
 w - a meat ration
Scrolls
 g - 3 scrolls of enchant armour {unknown}
 h - 5 scrolls of identify
 i - a scroll of amnesia
 j - 4 scrolls of remove curse
 v - a scroll of teleportation
 y - a scroll of random uselessness {unknown}
Jewellery
 o - a ring of invisibility (left hand)
 s - a ring of poison resistance (right hand)


   Skills:
 + Level 3.4 Fighting
 * Level 3.6 Long Blades
 + Level 3.3 Armour
 + Level 1.3 Dodging
 + Level 3.4 Shields
 * Level 1.8 Evocations


You had 5 spell levels left.
You didn't know any spells.

Dungeon Overview and Level Annotations

Branches:
Dungeon (4/15)
 Temple: D:4-7

Altars:
Fedhas

Annotations:
D:3 Pikel


Innate Abilities, Weirdness & Mutations

You cannot wear boots.
You can spit poison.
Your serpentine skin is tough (AC +2).
You have supernaturally acute eyesight.
Armour fits poorly on your strangely shaped body.
Your system is resistant to poisons.
You cover ground very slowly.
Your muscles are strong. (Str +2)


Message History

Read which item? (? for menu, Esc to quit)
As you read the scroll labeled LUCI GAOGARGHORR, it crumbles to dust.
It is a scroll of enchant weapon II.
Enchant which weapon? (? for menu, Esc to quit)
Your +0,+0 long sword glows red for a moment.
You block the scorpion's attack.
Read which item? (? for menu, Esc to quit)
As you read the scroll labeled SHUUHUCOTZUI, it crumbles to dust.
It is a scroll of enchant weapon I.
Enchant which weapon? (? for menu, Esc to quit)
Your +0,+1 long sword glows green for a moment.
You block the scorpion's attack.
Read which item? (? for menu, Esc to quit)
As you read the scroll labeled GRYUTO SCHOYH, it crumbles to dust.
You feel strangely unstable.
It was a scroll of teleportation.
The scorpion stings you.
* * * LOW HITPOINT WARNING * * *
Unknown command.
The scorpion stings you.
You die...

##.# #.## #######. #.# ####.#####
####' ######'## #........# #....
#.......#####........##### #....
#.......#................####....
#.......'.###........###....'....
#.......### #........# ######....
'.......# #........# #....
#.......# ####@##### #....
######'## #.s.# #..%% ##.# ###K#
#.... #..# #.# ####. ###.##
###.### ######. #....# #.....#
#...... #....# #.....# #......
#..).# ####...>.# #......
#....######........# #......


You could see Pikel and a scorpion.

Vanquished Creatures
  The ghost of magog001 the Vandal, an average HaHu (D:3)
  Crazy Yiuf (D:2)
  A worker ant (D:4)
  6 adders
  2 worms (D:3)
  4 giant geckos
  2 oozes
  An orc (D:3)
  10 goblins
  11 hobgoblins
  8 jackals
  A quokka (D:2)
  2 bats (D:2)
  3 giant cockroaches
  3 giant newts
  8 kobolds
  9 rats
73 creatures vanquished.

Notes
Turn   | Place    | Note
--------------------------------------------------------------
     0 | D:1      | Theye, the Naga Fighter, began the quest for the Orb.
     0 | D:1      | Reached XP level 1. HP: 21/21 MP: 1/1
   835 | D:1      | Reached XP level 2. HP: 26/28 MP: 2/2
  1341 | D:1      | Reached XP level 3. HP: 31/34 MP: 3/3
  2012 | D:2      | Reached XP level 4. HP: 24/42 MP: 4/4
  2122 | D:2      | Noticed Crazy Yiuf
  2128 | D:2      | Killed Crazy Yiuf
  2680 | D:3      | Reached XP level 5. HP: 45/49 MP: 5/5
  2686 | D:3      | Reached skill level 1 in Dodging
  2862 | D:3      | Reached skill level 1 in Evocations
  3100 | D:3      | Noticed magog001's ghost (average HaHu)
  3121 | D:3      | Killed magog001's ghost
  3121 | D:3      | Reached XP level 6. HP: 29/56 MP: 3/7
  3411 | D:3      | Found a blossoming altar of Fedhas.
  3906 | D:4      | Noticed Pikel
  3930 | D:3      | HP: 2/56 [scorpion (3)]
  3931 | D:3      | Gained mutation: Your muscles are strong. (Str +2) [potion of beneficial mutation]
  3937 | D:3      | HP: 1/56 [scorpion (1)]
  3939 | D:3      | Slain by a scorpion

Action                   |  1- 3 |  4- 6 || total
-------------------------+-------+-------++-------
Melee: Long sword        |   161 |   158 ||   319
 Abil: Spit Poison       |     1 |       ||     1
       Evoke Invisibilit |       |     1 ||     1
  Use: Potion            |       |     7 ||     7
       Scroll            |       |     5 ||     5
